APL (24 & UNDER)
STATE COLLEGE SPIKES @ DETROIT DIRTY SNOW
07/27/2025
 
TOP OF THE 1ST
State College Spikes batting - Pitching for Detroit Dirty Snow : RHP David Padilla
Pitching: RHP David Padilla
Batting: RHB Alonzo Herrera 0-0: Called Strike
0-1: Swinging Strike
0-2: Foul Ball, location: 2F
0-2: Fly out, F4 (Popup, 4M)
Batting: RHB Javier Peña 0-0: Swinging Strike
0-1: Called Strike
0-2: Ball
1-2: Foul Ball, location: 2F
1-2: Ball
2-2: Ball
3-2: Base on Balls
Batting: RHB Mike Ingram 0-0: Called Strike
Javier Peña is caught stealing 2nd base
0-1: Ground out 6-3 (Groundball, 6)
Top of the 1st over - 0 run(s), 0 hit(s), 0 error(s), 0 left on base; State College 0 - Detroit 0
BOTTOM OF THE 1ST
Detroit Dirty Snow batting - Pitching for State College Spikes : RHP Manuel Montoya
Pitching: RHP Manuel Montoya
Batting: SHB Caden Keith 0-0: Called Strike
0-1: Ball
1-1: SINGLE (Groundball, 4M)
Batting: SHB Theron Harper 0-0: Called Strike
0-1: Ball
1-1: Ball
2-1: Foul Ball, location: 2F
2-2: Ball
3-2: Fielders Choice at 2nd, 1-6 (Groundball, 13S)
Batting: RHB Cristo Souza 0-0: Called Strike
0-1: Called Strike
0-2: Foul Ball, location: 2F
0-2: Ball
1-2: Ball
Theron Harper steals 2nd base
2-2: Ball
3-2: Foul Ball, location: 2F
3-2: Foul Ball, location: 2F
3-2: Fly out, F8 (Flyball, 8RS)
Batting: SHB Tim Reid 0-0: Called Strike
0-1: Swinging Strike
0-2: Ball
1-2: Ball
2-2: Ball
3-2: Strikes out swinging
Bottom of the 1st over - 0 run(s), 1 hit(s), 0 error(s), 1 left on base; State College 0 - Detroit 0
TOP OF THE 2ND
State College Spikes batting - Pitching for Detroit Dirty Snow : RHP David Padilla
Batting: RHB Piotr Zahn 0-0: Ball
1-0: Called Strike
1-1: Ball
2-1: Ball
3-1: Foul Ball, location: 2F
3-2: Base on Balls
Batting: RHB Blair Whitehead 0-0: Ball
1-0: Swinging Strike
1-1: Swinging Strike
1-2: Foul Ball, location: 2F
1-2: Ball
2-2: Ball
3-2: Foul Ball, location: 2F
3-2: Base on Balls
Piotr Zahn to second
Batting: LHB Robin Jamieson 0-0: Ball
1-0: Foul Ball, location: 2F
1-1: Ball
2-1: Fielders Choice at 2nd, 4-6 (Groundball, 4)
Piotr Zahn to third
Batting: RHB Marino Landino 0-0: Ball
1-0: Foul Ball, location: 2F
1-1: Ball
2-1: Ball
Robin Jamieson steals 2nd base
3-1: Foul Ball, location: 2F
3-2: Ground out 6-3 (Groundball, 6)
Piotr Zahn scores
Robin Jamieson to third
Batting: RHB Nick Mackin 0-0: Called Strike
0-1: Foul Ball, location: 2F
0-2: Strikes out swinging
Top of the 2nd over - 1 run(s), 0 hit(s), 0 error(s), 1 left on base; State College 1 - Detroit 0
BOTTOM OF THE 2ND
Detroit Dirty Snow batting - Pitching for State College Spikes : RHP Manuel Montoya
Batting: RHB Don Hooper 0-0: Ground out 5-3 (Groundball, 5)
Batting: RHB Charlie O'Farrell 0-0: Ball
1-0: Ball
2-0: Called Strike
2-1: Ball
3-1: Base on Balls
Batting: SHB Alan Garland 0-0: Ball
1-0: Ball
2-0: Ball
3-0: Base on Balls
Charlie O'Farrell to second
Batting: RHB José Velásquez 0-0: Ball
1-0: Called Strike
1-1: Called Strike
1-2: SINGLE (Groundball, 6D) (infield hit)
Charlie O'Farrell to third
Alan Garland to second
Batting: LHB Eric Powell 0-0: Called Strike
0-1: Called Strike
0-2: Ball
1-2: Ball
2-2: Ball
3-2: Foul Ball, location: 2F
3-2: Base on Balls
Charlie O'Farrell scores
Alan Garland to third
José Velásquez to second
Batting: SHB Caden Keith 0-0: Fly out, F7 (Flyball, 7M)
Runner from 3rd tags up, SCORES, no throw
Batting: SHB Theron Harper 0-0: Foul Ball, location: 2F
0-1: Foul Ball, location: 2F
0-2: Ball
Wild Pitch!
José Velásquez to third
Eric Powell to second
1-2: Fly out, F6 (Popup, 6)
Bottom of the 2nd over - 2 run(s), 1 hit(s), 0 error(s), 2 left on base; State College 1 - Detroit 2
TOP OF THE 3RD
State College Spikes batting - Pitching for Detroit Dirty Snow : RHP David Padilla
Batting: RHB Martín López 0-0: Ball
1-0: Called Strike
1-1: Ball
2-1: Foul Ball, location: 2F
2-2: Strikes out looking
Batting: RHB Alonzo Herrera 0-0: Fly out, F6 (Popup, 5D)
Batting: RHB Javier Peña 0-0: Called Strike
0-1: Swinging Strike
0-2: Ball
1-2: Foul Ball, location: 2F
1-2: Ball
2-2: Foul Ball, location: 2F
2-2: Strikes out looking
Top of the 3rd over - 0 run(s), 0 hit(s), 0 error(s), 0 left on base; State College 1 - Detroit 2
BOTTOM OF THE 3RD
Detroit Dirty Snow batting - Pitching for State College Spikes : RHP Manuel Montoya
Batting: RHB Cristo Souza 0-0: Fly out, F8 (Flyball, 8LM)
Batting: SHB Tim Reid 0-0: Foul Ball, location: 2F
0-1: Swinging Strike
0-2: SINGLE (Groundball, 34D)
Batting: RHB Don Hooper 0-0: Called Strike
0-1: Ball
1-1: Ball
2-1: Called Strike
2-2: Strikes out swinging
Batting: RHB Charlie O'Farrell 0-0: Ball
1-0: Fly out, F6 (Line Drive, 6)
Bottom of the 3rd over - 0 run(s), 1 hit(s), 0 error(s), 1 left on base; State College 1 - Detroit 2
TOP OF THE 4TH
State College Spikes batting - Pitching for Detroit Dirty Snow : RHP David Padilla
Batting: RHB Mike Ingram 0-0: SINGLE (Groundball, 5D)
Batting: RHB Piotr Zahn 0-0: Swinging Strike
0-1: Ball
1-1: Foul Ball, location: 2F
1-2: Ball
2-2: Strikes out swinging
Batting: RHB Blair Whitehead 0-0: Ball
1-0: Ball
2-0: Called Strike
2-1: Called Strike
2-2: Strikes out swinging
Batting: LHB Robin Jamieson 0-0: Ball
1-0: Fly out, F2 (Popup, 25F)
Top of the 4th over - 0 run(s), 1 hit(s), 0 error(s), 1 left on base; State College 1 - Detroit 2
BOTTOM OF THE 4TH
Detroit Dirty Snow batting - Pitching for State College Spikes : RHP Manuel Montoya
Batting: SHB Alan Garland 0-0: Foul Ball, location: 2F
0-1: Fly out, F9 (Flyball, 89XD)
Batting: RHB José Velásquez 0-0: Called Strike
0-1: Ball
1-1: Swinging Strike
1-2: Ball
2-2: Strikes out swinging
Batting: LHB Eric Powell 0-0: Ball
1-0: Ball
2-0: Ball
3-0: Base on Balls
Batting: SHB Caden Keith 0-0: Ball
1-0: Ball
2-0: Ground out 5-3 (Groundball, 56S)
Bottom of the 4th over - 0 run(s), 0 hit(s), 0 error(s), 1 left on base; State College 1 - Detroit 2
TOP OF THE 5TH
State College Spikes batting - Pitching for Detroit Dirty Snow : RHP David Padilla
Batting: RHB Marino Landino 0-0: Foul Ball, location: 2F
0-1: Foul Ball, location: 2F
0-2: Fly out, F8 (Flyball, 8LS)
Batting: RHB Nick Mackin 0-0: Foul Ball, location: 2F
0-1: Ball
1-1: Ball
2-1: DOUBLE (Line Drive, 7LD)
Batting: RHB Martín López 0-0: Ball
Nick Mackin is caught stealing 3rd base
1-0: Swinging Strike
1-1: Foul Ball, location: 2F
1-2: Strikes out swinging
Top of the 5th over - 0 run(s), 1 hit(s), 0 error(s), 0 left on base; State College 1 - Detroit 2
BOTTOM OF THE 5TH
Detroit Dirty Snow batting - Pitching for State College Spikes : RHP Manuel Montoya
Batting: SHB Theron Harper 0-0: Called Strike
0-1: Ball
1-1: SOLO HOME RUN (Flyball, 78XD), Distance : 430 ft
Batting: RHB Cristo Souza 0-0: Called Strike
0-1: Called Strike
0-2: Ball
1-2: Ball
2-2: Strikes out swinging
Batting: SHB Tim Reid 0-0: Ball
1-0: Fly out, F8 (Flyball, 8LXD)
Batting: RHB Don Hooper 0-0: Called Strike
0-1: SINGLE (Groundball, 15S) (infield hit)
Pitching: RHP Willis Springer
Batting: RHB Charlie O'Farrell 0-0: Called Strike
Don Hooper steals 2nd base
Reached via error on a dropped throw, E3
Don Hooper to third
Batting: SHB Alan Garland 0-0: Fly out, F8 (Flyball, 8LM)
Bottom of the 5th over - 1 run(s), 2 hit(s), 1 error(s), 2 left on base; State College 1 - Detroit 3
TOP OF THE 6TH
State College Spikes batting - Pitching for Detroit Dirty Snow : RHP David Padilla
Batting: RHB Alonzo Herrera 0-0: Called Strike
0-1: Swinging Strike
0-2: Ball
1-2: Strikes out swinging
Batting: RHB Javier Peña 0-0: Called Strike
0-1: Called Strike
0-2: Ground out 6-3 (Groundball, 6)
Batting: RHB Mike Ingram 0-0: Ball
1-0: SINGLE (Line Drive, 89S)
Pitching: RHP Vaughan Horne
Batting: RHB Piotr Zahn 0-0: Called Strike
0-1: Ball
1-1: Ball
2-1: Foul Ball, location: 2F
2-2: Fly out, F7 (Flyball, 78M)
Top of the 6th over - 0 run(s), 1 hit(s), 0 error(s), 1 left on base; State College 1 - Detroit 3
BOTTOM OF THE 6TH
Detroit Dirty Snow batting - Pitching for State College Spikes : RHP Willis Springer
Batting: RHB José Velásquez 0-0: Called Strike
0-1: Ball
1-1: Ball
2-1: Ball
3-1: SINGLE (Line Drive, 6M)
Batting: LHB Eric Powell 0-0: Fielders Choice at 2nd, 6-4 (Groundball, 6M)
Batting: SHB Caden Keith 0-0: Ball
1-0: Foul Ball, location: 2F
1-1: Foul Ball, location: 2F
1-2: DOUBLE (Line Drive, 9LM)
Eric Powell to third
Batting: SHB Theron Harper 0-0: Intentional Walk
Batting: RHB Cristo Souza 0-0: Called Strike
0-1: Called Strike
0-2: SINGLE (Groundball, 6D)
Eric Powell scores
Caden Keith to third
Theron Harper to second
Runner from 3rd tries for Home, SAFE, no throw or cutoff
Batting: SHB Tim Reid 0-0: Ball
1-0: Ball
2-0: Ball
3-0: Called Strike
3-1: Foul Ball, location: 2F
3-2: Foul Ball, location: 2F
3-2: Base on Balls
Theron Harper to third
Cristo Souza to second
Batting: RHB Don Hooper 0-0: Swinging Strike
0-1: Swinging Strike
0-2: Ball
1-2: Ball
2-2: Strikes out swinging
Batting: RHB Charlie O'Farrell 0-0: Fielders Choice at 2nd, 6-4 (Groundball, 6)
Bottom of the 6th over - 2 run(s), 3 hit(s), 0 error(s), 2 left on base; State College 1 - Detroit 5
TOP OF THE 7TH
State College Spikes batting - Pitching for Detroit Dirty Snow : RHP Vaughan Horne
Batting: RHB Blair Whitehead 0-0: Ball
1-0: Ball
2-0: Ball
3-0: Called Strike
3-1: Called Strike
3-2: Foul Ball, location: 2F
3-2: Strikes out swinging
Batting: LHB Robin Jamieson 0-0: Foul Ball, location: 2F
0-1: Ball
1-1: Ball
2-1: Ball
3-1: Foul Ball, location: 2F
3-2: Base on Balls
Batting: RHB Marino Landino 0-0: Foul Ball, location: 2F
0-1: Ball
1-1: Called Strike
1-2: Foul Ball, location: 2F
1-2: Ground out 5-3 (Groundball, 56S)
Robin Jamieson to second
Batting: RHB Nick Mackin 0-0: Ball
1-0: Ball
2-0: Ball
3-0: Base on Balls
Batting: RHB Martín López 0-0: Ball
1-0: Ball
2-0: Ball
3-0: Base on Balls
Robin Jamieson to third
Nick Mackin to second
Batting: RHB Alonzo Herrera 0-0: Ball
1-0: SINGLE (Groundball, 5D)
Robin Jamieson scores
Nick Mackin to third
Martín López to second
Runner from 3rd tries for Home, SAFE, throw made at trailing runner, SAFE at third!
Pinch Hitting: RHB Eric Knight 0-0: Called Strike
0-1: Called Strike
0-2: Ball
1-2: Foul Ball, location: 2F
1-2: Fielders Choice at 2nd, U4 (Groundball, 4M)
Top of the 7th over - 2 run(s), 1 hit(s), 0 error(s), 2 left on base; State College 3 - Detroit 5
BOTTOM OF THE 7TH
Detroit Dirty Snow batting - Pitching for State College Spikes : RHP Willis Springer
Now at 1B: Eric Knight
Batting: SHB Alan Garland 0-0: Ball
1-0: Called Strike
1-1: Foul Ball, location: 2F
1-2: Foul Ball, location: 2F
1-2: Ball
2-2: Ball
3-2: DOUBLE (Line Drive, 7LM)
Batting: RHB José Velásquez 0-0: SINGLE (Line Drive, 56)
Alan Garland to third
Batting: LHB Eric Powell 0-0: Ball
1-0: Ball
José Velásquez steals 2nd base
2-0: Ball
3-0: Called Strike
3-1: Called Strike
3-2: DOUBLE (Flyball, 78XD)
Alan Garland scores
José Velásquez scores
Pitching: RHP José Rodríguez
Batting: SHB Caden Keith 0-0: Ball
Eric Powell is caught stealing 3rd base
1-0: Ground out 5-3 (Groundball, 56)
Batting: SHB Theron Harper 0-0: Ball
1-0: Ball
2-0: Foul Ball, location: 2F
2-1: Ball
3-1: Base on Balls
Batting: RHB Cristo Souza 0-0: Ball
1-0: Called Strike
1-1: Ball
2-1: Ball
3-1: Called Strike
3-2: Strikes out swinging
Bottom of the 7th over - 2 run(s), 3 hit(s), 0 error(s), 1 left on base; State College 3 - Detroit 7
TOP OF THE 8TH
State College Spikes batting - Pitching for Detroit Dirty Snow : RHP Vaughan Horne
Batting: RHB Mike Ingram 0-0: Called Strike
0-1: Ball
1-1: Called Strike
1-2: Strikes out looking
Batting: RHB Piotr Zahn 0-0: Hit by Pitch
Batting: RHB Blair Whitehead 0-0: Foul Ball, location: 2F
0-1: Ball
1-1: Fly out, F4 (Popup, 4M)
Batting: LHB Robin Jamieson 0-0: Ground out 1-3 (Groundball, 25)
Top of the 8th over - 0 run(s), 0 hit(s), 0 error(s), 1 left on base; State College 3 - Detroit 7
BOTTOM OF THE 8TH
Detroit Dirty Snow batting - Pitching for State College Spikes : RHP José Rodríguez
Batting: SHB Tim Reid 0-0: Swinging Strike
0-1: Foul Ball, location: 2F
0-2: Ball
1-2: Reached on error, E5 (Groundball, 56)
Batting: RHB Don Hooper 0-0: Foul Ball, location: 2F
0-1: Called Strike
0-2: Ball
1-2: Ball
2-2: Strikes out looking
Batting: RHB Charlie O'Farrell 0-0: Ball
1-0: Ball
2-0: Ball
3-0: Called Strike
3-1: SINGLE (Line Drive, 8LS)
Tim Reid to second
Batting: SHB Alan Garland 0-0: Ball
1-0: Ball
2-0: 3-RUN HOME RUN (Flyball, 9LD), Distance : 342 ft
Batting: RHB José Velásquez Reached via error on a dropped throw, E3
Batting: LHB Eric Powell 0-0: Foul Ball, location: 2F
0-1: Ball
1-1: Ball
2-1: Called Strike
2-2: Ball
José Velásquez steals 2nd base
3-2: Foul Ball, location: 2F
3-2: Base on Balls
Batting: SHB Caden Keith 0-0: Ball
1-0: SINGLE (Groundball, 34D)
José Velásquez to third
Eric Powell to second
Runner from 3rd tries for Home, SAFE, no throw or cutoff
Pinch Hitting: RHB Carlos Rocha 0-0: Ball
1-0: Ball
2-0: Called Strike
2-1: Ball
3-1: Base on Balls
Eric Powell to third
Caden Keith to second
Batting: RHB Cristo Souza 0-0: Called Strike
0-1: Swinging Strike
0-2: Ball
1-2: Ball
2-2: Strikes out swinging
Pinch Hitting: RHB Phil Wright 0-0: Fly out, F6 (Line Drive, 6M)
Bottom of the 8th over - 4 run(s), 3 hit(s), 2 error(s), 3 left on base; State College 3 - Detroit 11
TOP OF THE 9TH
State College Spikes batting - Pitching for Detroit Dirty Snow : RHP Vaughan Horne
Now at 2B: Carlos Rocha
Now at SS: Phil Wright
Batting: RHB Marino Landino 0-0: Swinging Strike
0-1: Swinging Strike
0-2: Strikes out swinging
Batting: RHB Nick Mackin 0-0: Called Strike
0-1: Ball
1-1: Swinging Strike
1-2: Foul Ball, location: 2F
1-2: Ball
2-2: TRIPLE (Flyball, 9LD)
Batting: RHB Martín López 0-0: Ball
1-0: Ball
2-0: Ball
3-0: Called Strike
3-1: Fly out, F8 (Flyball, 8RXD)
Runner from 3rd tags up, SCORES, no throw
Batting: RHB Alonzo Herrera 0-0: Ball
1-0: Foul Ball, location: 2F
1-1: Ground out 5-3 (Groundball, 56)
Top of the 9th over - 1 run(s), 1 hit(s), 0 error(s), 0 left on base; State College 4 - Detroit 11
This league is powered by Out of the Park Baseball, the baseball management simulation game for PC, Mac and Linux
Tuesday, August 2nd, 2016 - OOTP Baseball 16.8 Build 38